 Dungeon Crawl Stone Soup version 0.21-a0-39-g28ea6b7 (webtiles) character file.

215 tilp the Firebug (level 5, 0/38 HPs)
             Began as a Hill Orc Fire Elementalist on May 30, 2017.
             Slain by a quasit (1 damage)
             ... on level 3 of the Dungeon.
             The game lasted 00:18:33 (4987 turns).

tilp the Firebug (Hill Orc Fire Elementalist)       Turns: 4987, Time: 00:18:35

Health: 0/38       AC:  2    Str: 10 (11) XL:     5   Next: 92%
Magic:  2/9        EV:  2    Int: 16      God:
Gold:   147        SH:  0    Dex: -6 (11) Spells: 4/10 levels left

rFire    . . .     SeeInvis .   h - +0 mace
rCold    . . .     Gourm    .   (no shield)
rNeg     . . .     Faith    .   a - +0 robe
rPois    .         Spirit   .   (no helmet)
rElec    .         Reflect  .   (no cloak)
rCorr    .         Harm     .   (no gloves)
MR       .....                  (no boots)
Stlth    ..........             (no amulet)
Regen    0.2/turn               (no ring)
MPRegen  0.2/turn               (no ring)

@: slowed, lost dexterity, very slow
A: no striking features
a: no special abilities


You were on level 3 of the Dungeon.
You were not hungry.

You visited 1 branch of the dungeon, and saw 3 of its levels.

You collected 147 gold pieces.

Inventory:

Hand Weapons
 h - a +0 mace (weapon)
Missiles
 g - 80 stones (quivered)
Armour
 a - a +0 robe (worn)
Jewellery
 p - an uncursed ring of protection from magic {unknown}
Scrolls
 d - a scroll of recharging {unknown}
 f - 2 scrolls of remove curse {unknown}
 i - 3 scrolls of enchant armour {unknown}
 k - a scroll of blinking {unknown}
 m - 2 scrolls of teleportation {unknown}
 n - 2 scrolls of identify {unknown}
 o - 2 scrolls of noise {unknown}
 r - a scroll of magic mapping {unknown}
 u - a scroll of enchant weapon {unknown}
Potions
 e - a potion of brilliance
 j - a potion of heal wounds
 q - a potion of resistance
 s - a potion of ambrosia
Books
 b - a book of Flames

   Spells                             Type                      Level
   a - Flame Tongue                   Conjuration/Fire             1
   b - Throw Flame                    Conjuration/Fire             2
   c - Conjure Flame                  Conjuration/Fire             3
   d - Inner Flame                    Hexes/Fire                   3
   e - Sticky Flame                   Conjuration/Fire             4
   f - Fireball                       Conjuration/Fire             5
Comestibles
 c - 3 bread rations


   Skills:
 - Level 1.5 Dodging
 - Level 1.5 Stealth
 * Level 3.3 Spellcasting
 * Level 2.9 Conjurations
 + Level 4.5 Fire Magic


You had 4 spell levels left.
You knew the following spells:

 Your Spells              Type           Power        Failure   Level  Hunger
a - Flame Tongue          Conj/Fire      ##...        4%          1    None
b - Throw Flame           Conj/Fire      ##....       6%          2    ##.....
c - Conjure Flame         Conj/Fire      ##......     12%         3    ###....


Dungeon Overview and Level Annotations

Branches:
Dungeon (3/15)

Altars:
Sif Muna

Annotations:
D:1 Jessica


Message History

The quasit claws you.
* * * LOW HITPOINT WARNING * * *
Casting: Flame Tongue
Confirm with . or Enter, or press ? or * to list all spells.
Aiming: Flame Tongue
Press: ? - help, Shift-Dir - straight line, f/p - quasit
Aim: a quasit (severely wounded)
The flame tongue misses the quasit.
The quasit bites you.
* * * LOW HITPOINT WARNING * * *
The quasit claws you.
* * * LOW HITPOINT WARNING * * *
You feel clumsy. The quasit claws you.
* * * LOW HITPOINT WARNING * * *
You feel clumsy. The quasit bites you.
* * * LOW HITPOINT WARNING * * *
The quasit claws you but does no damage.
The quasit claws you.
You die...

#.#
#.....#..........####
#.#
#.##.########........
#.###.##.# #....####
#........# #.####
#####.#### #5# #.#
... #.### ... ##.#.##
..... ##...5@####
..... ###
##.#.......'........
+.. #.###...####...
### ##.#.#.## #
##.#### # #.# # #.#
#+# # #.#
##########.# # #.#
#<.......#.#


You could see a quasit.

Vanquished Creatures
  Natasha (twice) (D:2)
  A worker ant (D:3)
  4 adders
  2 oozes
  2 worms (D:2)
  2 dart slugs
  A leopard gecko (D:2)
  5 giant cockroaches (D:2)
  11 goblins
  9 hobgoblins
  5 jackals (D:3)
  2 quokkas (D:2)
  12 bats
  6 frilled lizards
  14 kobolds
  A quokka skeleton (D:3)
  7 rats
86 creatures vanquished.

Notes
Turn   | Place    | Note
-------+----------+-------------------------------------------
     0 | D:1      | tilp the Hill Orc Fire Elementalist began the quest for the Orb.
     0 | D:1      | Reached XP level 1. HP: 14/14 MP: 3/3
   154 | D:1      | Reached XP level 2. HP: 14/20 MP: 0/4
   889 | D:1      | Reached XP level 3. HP: 26/26 MP: 5/5
  1287 | D:2      | Noticed Jessica
  1293 | D:1      | Learned a level 2 spell: Throw Flame
  1790 | D:2      | Found a deep blue altar of Sif Muna.
  2112 | D:2      | Reached skill level 4 in Fire Magic
  2448 | D:2      | Reached XP level 4. HP: 31/33 MP: 7/7
  2530 | D:2      | Learned a level 3 spell: Conjure Flame
  2639 | D:2      | Noticed Natasha
  2643 | D:2      | Killed Natasha
  2951 | D:2      | Noticed Natasha
  2956 | D:2      | Killed Natasha
  2956 | D:2      | Reached XP level 5. HP: 29/38 MP: 4/9
  4982 | D:3      | Lost dexterity.
  4987 | D:3      | HP: 1/38 [quasit (2)]
  4987 | D:3      | Slain by a quasit

Vault maps used:
D:1:      ncdulo_watergridlock
D:2:      lemuel_coloured_pillars_altar, st_stairs_3, minmay_small_reverse_x,
          uniq_jessica, uniq_natasha
D:3:      cheibriados_altar_1, first_bread, minmay_misc_feat_five

Skill      XL: |  1  2  3  4  5 |
---------------+----------------+-----
Spellcasting   | 2 3 |  3.3
Fire Magic     | 4 |  4.5
Conjurations   | 2 |  2.9
Dodging        | |  1.5
Stealth        | |  1.5

Action                   |  1- 3 |  4- 6 || total
-------------------------+-------+-------++-------
Melee: Dagger            |     8 |       ||     8
       Mace              |    67 |    80 ||   147
Throw: Stone             |     2 |       ||     2
 Cast: Flame Tongue      |    49 |    54 ||   103
       Throw Flame       |     7 |    16 ||    23
  Use: Potion            |       |     7 ||     7
 Stab: Sleeping          |     2 |     3 ||     5
  Eat: Chunk             |     1 |     2 ||     3
       Meat ration       |     1 |     2 ||     3
Armor: Robe              |    24 |    60 ||    84
Dodge: Dodged            |    64 |   120 ||   184
